SL
GRAFTON MIDDIES @ CHICAGO HAWKS
07/20/2022
 
TOP OF THE 1ST
Grafton Middies batting - Pitching for Chicago Hawks : RHP Joseph Reed
Pitching: RHP Joseph Reed
Batting: RHB Brady Ferris 0-0: Called Strike
0-1: Swinging Strike
0-2: Foul Ball, location: 2F
0-2: Ball
1-2: DOUBLE (Flyball, 89D)
Batting: RHB Wes Bradley 0-0: Ball
1-0: SINGLE (Line Drive, 7LM)
Brady Ferris to third
Runner from 3rd tries for Home, throw and OUT!
Batting: RHB Scotty Anderson 0-0: Called Strike
0-1: Foul Ball, location: 2F
0-2: SINGLE (Line Drive, 56)
Wes Bradley to second
Batting: RHB Raúl Robles 0-0: Ball
1-0: SINGLE (Line Drive, 56D)
Wes Bradley to third
Scotty Anderson to second
Runner from 3rd tries for Home, SAFE, throw made home
Scotty Anderson to third
Raúl Robles to second
Batting: RHB Mark Davis 0-0: Ball
1-0: Ball
2-0: Foul Ball, location: 2F
2-1: Ball
3-1: Foul Ball, location: 2F
3-2: Strikes out looking
Batting: RHB José Álvarez 0-0: Called Strike
0-1: Fly out, F9 (Flyball, 9LM)
Top of the 1st over - 1 run(s), 4 hit(s), 0 error(s), 2 left on base; Grafton 1 - Chicago 0
BOTTOM OF THE 1ST
Chicago Hawks batting - Pitching for Grafton Middies : LHP Curtis Fields
Pitching: LHP Curtis Fields
Batting: RHB Ludwig Kluge 0-0: Ball
1-0: Ball
2-0: Ball
3-0: Called Strike
3-1: Foul Ball, location: 2F
3-2: Ground out 6-3 (Groundball, 6)
Batting: LHB Vern Forrest 0-0: Ball
1-0: Fly out, F3 (Popup, 4)
Batting: RHB Robbie Roach 0-0: Ball
1-0: Called Strike
1-1: Called Strike
1-2: Ball
2-2: Foul Ball, location: 2F
2-2: Ground out 6-3 (Groundball, 6)
Bottom of the 1st over - 0 run(s), 0 hit(s), 0 error(s), 0 left on base; Grafton 1 - Chicago 0
TOP OF THE 2ND
Grafton Middies batting - Pitching for Chicago Hawks : RHP Joseph Reed
Batting: RHB Nathan Boswell 0-0: Swinging Strike
0-1: Foul Ball, location: 2F
0-2: Ball
1-2: Ball
2-2: Foul Ball, location: 2F
2-2: Strikes out swinging
Batting: RHB Justin Bingham 0-0: Ball
1-0: Called Strike
1-1: Called Strike
1-2: Ball
2-2: Foul Ball, location: 2F
2-2: Ball
3-2: Foul Ball, location: 2F
3-2: Fly out, F9 (Flyball, 89S)
Batting: RHB Danny Hall 0-0: Ball
1-0: Called Strike
1-1: Foul Ball, location: 2F
1-2: Ball
2-2: DOUBLE (Line Drive, 78XD)
Batting: RHB Brady Ferris 0-0: Foul Ball, location: 2F
0-1: Ball
1-1: Called Strike
1-2: SINGLE (Groundball, 56D)
Danny Hall to third
Runner from 3rd tries for Home, SAFE, no throw or cutoff
Batting: RHB Wes Bradley 0-0: Called Strike
0-1: Ball
1-1: Ball
2-1: Foul Ball, location: 2F
2-2: Foul Ball, location: 2F
2-2: Ground out 6-3 (Groundball, 6)
Top of the 2nd over - 1 run(s), 2 hit(s), 0 error(s), 1 left on base; Grafton 2 - Chicago 0
BOTTOM OF THE 2ND
Chicago Hawks batting - Pitching for Grafton Middies : LHP Curtis Fields
Batting: LHB Mal Wadley 0-0: Ball
1-0: Called Strike
1-1: Fly out, F8 (Line Drive, 8RXD)
Batting: RHB Chris Smith 0-0: Called Strike
0-1: Fly out, F3 (Popup, 34)
Batting: LHB Bill Griffin 0-0: Called Strike
0-1: Swinging Strike
0-2: Strikes out swinging
Bottom of the 2nd over - 0 run(s), 0 hit(s), 0 error(s), 0 left on base; Grafton 2 - Chicago 0
TOP OF THE 3RD
Grafton Middies batting - Pitching for Chicago Hawks : RHP Joseph Reed
Batting: RHB Scotty Anderson 0-0: Called Strike
0-1: SOLO HOME RUN (Flyball, 7D), Distance : 356 ft
Batting: RHB Raúl Robles 0-0: Ball
1-0: Ball
2-0: SINGLE (Line Drive, 6MD)
Batting: RHB Mark Davis 0-0: Fly out, F9 (Flyball, 9D)
Batting: RHB José Álvarez 0-0: SINGLE (Flyball, 8RS)
Raúl Robles to second
Runner from 2nd tries for 3rd, SAFE, throw made to third
Batting: RHB Nathan Boswell 0-0: Ball
1-0: Ball
2-0: Called Strike
2-1: Swinging Strike
2-2: Foul Ball, location: 2F
2-2: Strikes out swinging
Batting: RHB Justin Bingham 0-0: Ball
1-0: Ball
2-0: Ball
3-0: Called Strike
3-1: Fly out, F8 (Flyball, 8LM)
Top of the 3rd over - 1 run(s), 3 hit(s), 0 error(s), 2 left on base; Grafton 3 - Chicago 0
BOTTOM OF THE 3RD
Chicago Hawks batting - Pitching for Grafton Middies : LHP Curtis Fields
Batting: SHB Daryl Moore 0-0: Called Strike
0-1: Called Strike
0-2: Foul Ball, location: 2F
0-2: Ball
1-2: Ball
2-2: Ball
3-2: Foul Ball, location: 2F
3-2: Ground out 6-3 (Groundball, 6)
Batting: RHB Soseki Matsunaga 0-0: Fly out, F7 (Flyball, 7M)
Batting: LHB Jeremiah Spencer 0-0: Called Strike
0-1: Called Strike
0-2: Strikes out swinging
Bottom of the 3rd over - 0 run(s), 0 hit(s), 0 error(s), 0 left on base; Grafton 3 - Chicago 0
TOP OF THE 4TH
Grafton Middies batting - Pitching for Chicago Hawks : RHP Joseph Reed
Batting: RHB Danny Hall 0-0: Ground out 5-3 (Groundball, 5S)
Batting: RHB Brady Ferris 0-0: Ball
1-0: Ball
2-0: Ball
3-0: Swinging Strike
3-1: Ground out 6-3 (Groundball, 6M)
Batting: RHB Wes Bradley 0-0: Called Strike
0-1: Fly out, F3 (Popup, 3SF)
Top of the 4th over - 0 run(s), 0 hit(s), 0 error(s), 0 left on base; Grafton 3 - Chicago 0
BOTTOM OF THE 4TH
Chicago Hawks batting - Pitching for Grafton Middies : LHP Curtis Fields
Batting: RHB Ludwig Kluge 0-0: Ball
1-0: Ground out 6-3 (Groundball, 6)
Batting: LHB Vern Forrest 0-0: Ball
1-0: Called Strike
1-1: Called Strike
1-2: Foul Ball, location: 2F
1-2: Ball
2-2: Foul Ball, location: 2F
2-2: Ball
3-2: Strikes out swinging
Batting: RHB Robbie Roach 0-0: Called Strike
0-1: Fly out, F9 (Flyball, 9M)
Bottom of the 4th over - 0 run(s), 0 hit(s), 0 error(s), 0 left on base; Grafton 3 - Chicago 0
TOP OF THE 5TH
Grafton Middies batting - Pitching for Chicago Hawks : RHP Joseph Reed
Batting: RHB Scotty Anderson 0-0: Fly out, F9 (Flyball, 9LMF)
Batting: RHB Raúl Robles 0-0: Ball
1-0: Ball
2-0: Swinging Strike
2-1: Foul Ball, location: 2F
2-2: Ground out 1-3 (Groundball, 2L)
Batting: RHB Mark Davis 0-0: Called Strike
0-1: Ball
1-1: Foul Ball, location: 2F
1-2: Fly out, F3 (Popup, 3)
Top of the 5th over - 0 run(s), 0 hit(s), 0 error(s), 0 left on base; Grafton 3 - Chicago 0
BOTTOM OF THE 5TH
Chicago Hawks batting - Pitching for Grafton Middies : LHP Curtis Fields
Batting: LHB Mal Wadley 0-0: Called Strike
0-1: Ball
1-1: Ball
2-1: Foul Ball, location: 2F
2-2: Strikes out swinging
Batting: RHB Chris Smith 0-0: Called Strike
0-1: Ball
1-1: Ball
2-1: Ground out 1-3 (Groundball, 13)
Batting: LHB Bill Griffin 0-0: Ball
1-0: Ground out 6-3 (Groundball, 6M)
Bottom of the 5th over - 0 run(s), 0 hit(s), 0 error(s), 0 left on base; Grafton 3 - Chicago 0
TOP OF THE 6TH
Grafton Middies batting - Pitching for Chicago Hawks : RHP Joseph Reed
Batting: RHB José Álvarez 0-0: Fly out, F6 (Popup, 6M)
Batting: RHB Nathan Boswell 0-0: Called Strike
0-1: Foul Ball, location: 2F
0-2: Ball
1-2: Ball
2-2: Foul Ball, location: 2F
2-2: Ball
3-2: Foul Ball, location: 2F
3-2: Foul Ball, location: 2F
3-2: Foul Ball, location: 2F
3-2: SINGLE (Line Drive, 34D)
Batting: RHB Justin Bingham 0-0: Ball
1-0: DOUBLE (Flyball, 9D)
Nathan Boswell to third
Runner from 3rd tries for Home, SAFE, no throw or cutoff
Batting: RHB Danny Hall 0-0: Ball
Wild Pitch!
Justin Bingham to third
1-0: Called Strike
1-1: Swinging Strike
1-2: Ball
2-2: Ball
3-2: SINGLE (Groundball, 56)
Justin Bingham scores
Pitching: RHP Jim Dixon
Batting: RHB Brady Ferris 0-0: Called Strike
0-1: Swinging Strike
0-2: Ball
1-2: DOUBLE (Line Drive, 8LM)
Danny Hall to third
Batting: RHB Wes Bradley 0-0: Called Strike
0-1: Ball
1-1: Ground out 5-3 (Groundball, 5)
Batting: RHB Scotty Anderson 0-0: Called Strike
0-1: Fly out, F8 (Flyball, 78D)
Top of the 6th over - 2 run(s), 4 hit(s), 0 error(s), 2 left on base; Grafton 5 - Chicago 0
BOTTOM OF THE 6TH
Chicago Hawks batting - Pitching for Grafton Middies : LHP Curtis Fields
Batting: SHB Daryl Moore 0-0: Ball
1-0: Fly out, F8 (Flyball, 8LD)
Batting: RHB Soseki Matsunaga 0-0: Ball
1-0: Ball
2-0: Fly out, F7 (Line Drive, 7M)
Batting: LHB Jeremiah Spencer 0-0: Foul Ball, location: 2F
0-1: Called Strike
0-2: Hit by Pitch
Batting: RHB Ludwig Kluge 0-0: Called Strike
0-1: Ball
1-1: Swinging Strike
1-2: Ground out 5-3 (Groundball, 5)
Bottom of the 6th over - 0 run(s), 0 hit(s), 0 error(s), 1 left on base; Grafton 5 - Chicago 0
TOP OF THE 7TH
Grafton Middies batting - Pitching for Chicago Hawks : RHP Jim Dixon
Batting: RHB Raúl Robles 0-0: Foul Ball, location: 2F
0-1: Ball
1-1: SINGLE (Line Drive, 7LS)
Batting: RHB Mark Davis 0-0: Ball
1-0: Foul Ball, location: 2F
1-1: SINGLE (Flyball, 6MD)
Raúl Robles to second
Batting: RHB José Álvarez 0-0: Sac Bunt - play at third, runner OUT! 1-5
Mark Davis to second
Batting: RHB Nathan Boswell 0-0: Ball
1-0: Ball
2-0: Called Strike
2-1: Called Strike
2-2: Ball
3-2: Base on Balls
Mark Davis to third
José Álvarez to second
Batting: RHB Justin Bingham 0-0: Foul Ball, location: 2F
0-1: Swinging Strike
0-2: Foul Ball, location: 2F
0-2: Strikes out swinging
Batting: RHB Danny Hall 0-0: Foul Ball, location: 2F
0-1: Ball
1-1: SINGLE (Line Drive, 6D)
Mark Davis scores
José Álvarez to third
Nathan Boswell to second
Runner from 3rd tries for Home, SAFE, no throw or cutoff
Batting: RHB Brady Ferris 0-0: SINGLE (Groundball, 34D) (infield hit)
Nathan Boswell to third
Danny Hall to second
Batting: RHB Wes Bradley 0-0: Ball
1-0: Ball
2-0: Ground out 5-3 (Groundball, 56)
Top of the 7th over - 2 run(s), 4 hit(s), 0 error(s), 3 left on base; Grafton 7 - Chicago 0
BOTTOM OF THE 7TH
Chicago Hawks batting - Pitching for Grafton Middies : LHP Curtis Fields
Batting: LHB Vern Forrest 0-0: Foul Ball, location: 2F
0-1: Fly out, F7 (Flyball, 7M)
Batting: RHB Robbie Roach 0-0: Ball
1-0: Called Strike
1-1: Called Strike
1-2: Fly out, F5 (Line Drive, 56S)
Batting: LHB Mal Wadley 0-0: Ball
1-0: Foul Ball, location: 2F
1-1: SINGLE (Line Drive, 78S)
Batting: RHB Chris Smith 0-0: Ground out 5-3 (Groundball, 56S)
Bottom of the 7th over - 0 run(s), 1 hit(s), 0 error(s), 1 left on base; Grafton 7 - Chicago 0
TOP OF THE 8TH
Grafton Middies batting - Pitching for Chicago Hawks : RHP Jim Dixon
Batting: RHB Scotty Anderson 0-0: Fly out, F7 (Flyball, 7LM)
Batting: RHB Raúl Robles 0-0: Called Strike
0-1: Ball
1-1: Called Strike
1-2: Ball
2-2: Fly out, F5 (Popup, 5L)
Batting: RHB Mark Davis 0-0: SOLO HOME RUN (Flyball, 89XD), Distance : 381 ft
Batting: RHB José Álvarez 0-0: Ball
1-0: Ball
2-0: Ball
3-0: Called Strike
3-1: Called Strike
3-2: Base on Balls
Batting: RHB Nathan Boswell 0-0: Ball
1-0: Called Strike
1-1: Foul Ball, location: 2F
1-2: Foul Ball, location: 2F
1-2: Foul Ball, location: 2F
1-2: Ball
2-2: Ground out 5-3 (Groundball, 56)
Top of the 8th over - 1 run(s), 1 hit(s), 0 error(s), 1 left on base; Grafton 8 - Chicago 0
BOTTOM OF THE 8TH
Chicago Hawks batting - Pitching for Grafton Middies : LHP Curtis Fields
Batting: LHB Bill Griffin 0-0: Called Strike
0-1: Ball
1-1: Ball
2-1: Ball
3-1: SOLO HOME RUN (Flyball, 78XD), Distance : 388 ft
Batting: SHB Daryl Moore 0-0: Ball
1-0: Ground out 6-3 (Groundball, 6)
Batting: RHB Soseki Matsunaga 0-0: Foul Ball, location: 2F
0-1: Ball
1-1: Fly out, F2 (Popup, 2LF)
Batting: LHB Jeremiah Spencer 0-0: Foul Ball, location: 2F
0-1: Ball
1-1: Ball
2-1: Foul Ball, location: 2F
2-2: Foul Ball, location: 2F
2-2: Strikes out swinging
Bottom of the 8th over - 1 run(s), 1 hit(s), 0 error(s), 0 left on base; Grafton 8 - Chicago 1
TOP OF THE 9TH
Grafton Middies batting - Pitching for Chicago Hawks : RHP Jim Dixon
Pitching: RHP Irving Hansen
Batting: RHB Justin Bingham 0-0: Ball
1-0: Ball
2-0: Fly out, F6 (Line Drive, 6)
Batting: RHB Danny Hall 0-0: Swinging Strike
0-1: Fly out, F6 (Line Drive, 6MS)
Batting: RHB Brady Ferris 0-0: Ball
1-0: Ball
2-0: Foul Ball, location: 2F
2-1: Ball
3-1: Swinging Strike
3-2: Base on Balls
Batting: RHB Wes Bradley 0-0: Ball
1-0: Foul Ball, location: 2F
1-1: Called Strike
1-2: Foul Ball, location: 2F
1-2: Ball
2-2: Fly out, F7 (Line Drive, 7S)
Top of the 9th over - 0 run(s), 0 hit(s), 0 error(s), 1 left on base; Grafton 8 - Chicago 1
BOTTOM OF THE 9TH
Chicago Hawks batting - Pitching for Grafton Middies : LHP Curtis Fields
Batting: RHB Ludwig Kluge 0-0: Ball
1-0: Ground out 6-3 (Groundball, 6M)
Batting: LHB Vern Forrest 0-0: Fly out, F5 (Line Drive, 56S)
Batting: RHB Robbie Roach 0-0: Ball
1-0: Called Strike
1-1: Called Strike
1-2: Ball
2-2: Foul Ball, location: 2F
2-2: Ball
3-2: Fly out, F7 (Flyball, 78D)
Bottom of the 9th over - 0 run(s), 0 hit(s), 0 error(s), 0 left on base; Grafton 8 - Chicago 1
This league is powered by Out of the Park Baseball, the baseball management simulation game for PC, Mac and Linux
Friday, April 15th, 2016 - OOTP Baseball 16.9 Build 39